 Dungeon Crawl Stone Soup version 0.30-a0-586-g23e55c9e0a (webtiles) character file.

Game seed: 12395986821056096985

499 Zonian the Sneak (level 7, -1/36 HPs)
             Began as a Vine Stalker Brigand on Jan 4, 2023.
             Was a Priest of Uskayaw.
             Slain by an ogre
             ... wielding a +0 giant club
              (23 damage)
             ... on level 5 of the Dungeon.
             The game lasted 00:06:00 (2916 turns).

Zonian the Sneak (Vine Stalker Brigand)             Turns: 2916, Time: 00:06:01

Health: -1/36      AC:  5    Str: 14    XL:     7   Next: 16%
Magic:  0/8        EV: 12    Int: 11    God:    Uskayaw [***...]
Gold:   294        SH:  4    Dex: 17    Spells: 6/6 levels left

rFire   . . .      SeeInvis .    x - +1 dagger (speed)
rCold   . . .      Faith    .    p - +0 buckler
rNeg    . . .      Spirit   +    b - +0 robe
rPois   .          Reflect  .    m - +1 helmet
rElec   .          Harm     .    c - +0 cloak
rCorr   .          Rampage  .    (no gloves)
Will    .....                    (no boots)
Stlth   +++                      (no amulet)
HPRegen 1.06/turn                (no ring)
MPRegen 0.11/turn                (no ring)

@: no status effects
A: fangs 2, regeneration 1, magic shield, antimagic bite, no potion heal 2
a: Renounce Religion, Stomp, Line Pass


You were on level 5 of the Dungeon.
You worshipped Uskayaw.
Uskayaw was noncommittal.
You visited 2 branches of the dungeon, and saw 6 of its levels.

You collected 294 gold pieces.

Inventory:

Hand Weapons
 a - a +2 dagger
 i - a +0 short sword
 u - a +1 dagger of venom
 x - a +1 dagger of speed (weapon)
Missiles
 d - 17 poisoned darts (quivered)
 s - 5 boomerangs
Armour
 b - a +0 robe (worn)
 c - a +0 cloak (worn)
 k - a +0 cloak
 m - a +1 helmet (worn)
 p - a +0 buckler (worn)
Scrolls
 q - a scroll of enchant armour
Potions
 f - a potion of berserk rage
 g - a potion of magic {unknown}
 h - a potion of brilliance {unknown}
 j - a potion of cancellation {unknown}
 l - 4 potions of attraction
 n - 2 potions of heal wounds
 o - a potion of haste {unknown}
 r - 2 potions of curing {unknown}
 w - a potion of lignification {unknown}


   Skills:
 + Level 3.3 Fighting
 + Level 3.3 Short Blades
 + Level 3.3 Throwing
 + Level 2.5 Dodging
 + Level 6.4 Stealth
 + Level 1.1 Shields


You had 6 spell levels left.
You didn't know any spells.
Your spell library contained the following spells:

 Spells                   Type           Power      Damage    Failure   Level
 Inner Flame              Hex/Fire       0%         N/A       80%         3
 Flame Wave               Conj/Fire      0%         2d4       99%         4
 Sticky Flame             Conj/Fire      0%         2d3       99%         4


Dungeon Overview and Level Annotations

Branches:
Dungeon (5/15)             Temple (1/1) D:5

Altars:
Ashenzari
Dithmenos
Elyvilon
Fedhas
Hepliaklqana
Kikubaaqudgha
Makhleb
Nemelex Xobeh
Okawaru
Qazlal
Uskayaw
Wu Jian
Xom
Yredelemnul
Jiyva


Innate Abilities, Weirdness & Mutations

You have extremely sharp teeth.
Your natural rate of healing is unusually fast.
When hurt, damage is shared between your health and your magic reserves.
Your bite disrupts and absorbs the magic of your enemies.
Potions cannot restore your health.


Message History

The ufetubus hits you. The ufetubus closely misses you.
You hit the ufetubus.
The ufetubus is heavily wounded.
The ice beast seems less confused.
You hit the ufetubus. Your bite misses the ufetubus.
The ufetubus is almost dead.
The ufetubus hits you but does no damage.
The ufetubus completely misses you.
You closely miss the ufetubus.
The ufetubus is almost dead.
The ufetubus hits you. The ufetubus barely misses you.
You barely miss the ufetubus. You bite the ufetubus.
You kill the ufetubus!
Throw: dart (curare)
Press: ? - help, Shift-Dir - straight line, f - ice beast
Aim: an ice beast (severely wounded, 62% to hit)
You throw a curare-tipped dart.
The curare-tipped dart hits the ice beast.
The ice beast is severely wounded.
Unknown command.
You hit the ice beast. Your bite misses the ice beast.
The ice beast is almost dead.
The ice beast misses you.
Uskayaw will force your foes to helplessly watch your dance.
Uskayaw prepares the audience for your solo!
The helpless ice beast fails to defend itself.
You impale the ice beast!!
You kill the ice beast!
Your Shields skill increases to level 1!
You have reached level 7!
The ogre is no longer paralysed.
The ice beast is no longer paralysed.
The ogre barely misses you. You block the ice beast's attack.
You see here a curare-tipped dart.
You hit the ice beast. You bite the ice beast. You drain its power.
You feel invigorated.
The ice beast is lightly wounded.
The ice beast closely misses you.
The ogre hits you with a +0 giant club!!
Ouch! That really hurt!
You die...

~~~..#..##. ....#..####
~~~~.......###.#.#....####
~~~......#...#.###......
....##....##...###...#
#.....#..#.....[..#.#
##..##[..##..>..##†..#
#..###.#........#...##
##)###O..###...##.#.#
#.((@Y....###.#..#.##
#######.#...#.#......
#............##
###.##.#......#
#.##....[....
#.#####...### #.# #.## #.#
.# #.# .#


You could see an ice beast and an ogre.

Vanquished Creatures
  An ice beast (D:5)
  A centaur (D:5)
  A necrophage (D:4)
  A scorpion (D:4)
  A howler monkey (D:4)
  A crimson imp (D:4)
  Crazy Yiuf (D:5)
  4 adders
  An ufetubus (D:5)
  A worm (D:4)
  A dart slug (D:1)
  3 orcs
  2 endoplasms (D:1)
  3 giant cockroaches
  6 goblins
  6 hobgoblins (D:1)
  2 jackals (D:1)
  3 kobolds
  3 quokkas
  6 ball pythons
  4 bats
  5 frilled lizards
  4 rats
61 creatures vanquished.

Notes
Turn   | Place    | Note
-------+----------+-------------------------------------------
     0 | D:1      | Zonian the Vine Stalker Brigand began the quest for the
                  | Orb.
     0 | D:1      | Reached XP level 1. HP: 11/11 MP: 2/2
    67 | D:1      | Reached skill level 1 in Dodging
    67 | D:1      | Reached XP level 2. HP: 15/15 MP: 3/3
    71 | D:1      | Reached skill level 5 in Stealth
   413 | D:1      | Reached XP level 3. HP: 18/18 MP: 4/4
  1036 | D:2      | You fall into a shaft and drop 1 floor!
  1111 | D:2      | Gained mutation: Your natural rate of healing is unusually
                  | fast. [Vine Stalker growth]
  1111 | D:2      | Reached XP level 4. HP: 23/23 MP: 5/5
  1807 | D:4      | Found a shadowy altar of Dithmenos.
  1822 | D:4      | Noticed a necrophage
  2073 | D:4      | Reached XP level 5. HP: 27/27 MP: 6/6
  2269 | D:4      | Reached XP level 6. HP: 28/32 MP: 7/7
  2543 | D:4      | Found a shimmering altar of Xom.
  2545 | D:4      | Found a burning altar of Makhleb.
  2551 | D:4      | Reached skill level 6 in Stealth
  2640 | D:4      | Found an iron altar of Okawaru.
  2640 | D:4      | Found a stormy altar of Qazlal.
  2661 | D:5      | Entered Level 5 of the Dungeon
  2702 | D:5      | Found a runed translucent door.
  2703 | D:5      | Noticed Crazy Yiuf
  2710 | D:5      | Killed Crazy Yiuf
  2739 | D:5      | Found a staircase to the Ecumenical Temple.
  2765 | Temple   | Entered the Ecumenical Temple
  2825 | Temple   | Became a worshipper of Uskayaw the Reveller
  2864 | D:5      | Reached * piety under Uskayaw
  2868 | D:5      | Noticed an ice beast
  2887 | D:5      | Reached ** piety under Uskayaw
  2898 | D:5      | Noticed an ice beast
  2913 | D:5      | Reached *** piety under Uskayaw
  2914 | D:5      | Killed an ice beast
  2915 | D:5      | Reached skill level 1 in Shields
  2915 | D:5      | Reached XP level 7. HP: 20/36 MP: 3/8
  2916 | D:5      | Slain by an ogre

Illustrated notes

Levels and vault maps discovered:
D:1:      onia_arrival_pentagram, layout_basic,
          nicolae_concentric_dashed_squares_wild
D:2:      layout_rooms
D:3:      layout_basic
D:4:      layout_loops_ring, grunt_temple_overflow_champion_of_chaos,
          grunt_dithmenos_smoke, gammafunk_temple_overflow_elements,
          kennysheep_doodads
D:5:      layout_loops_ring, minmay_temple_entry_slanted,
          amcnicky_mini_pool_medium, uniq_crazy_yiuf_cottage
Temple:   pf_slime_end_temple

Skill      XL: |  1  2  3  4  5  6 |
---------------+-------------------+-----
Dodging        | 1 2 |  2.5
Stealth        | 5 6 |  6.4
Fighting       | 2 3 |  3.3
Short Blades   | 2 3 |  3.3
Throwing       | 2 3 |  3.3
Shields        | 1 |  1.1

Action                   |  1- 3 |  4- 6 |  7- 9 || total
-------------------------+-------+-------+-------++-------
Melee: Dagger            |    89 |   133 |     1 ||   223
       Bite              |    15 |    45 |     1 ||    61
       Punch             |     1 |       |       ||     1
Throw: Dart              |       |     3 |       ||     3
Invok: Line Pass         |       |     1 |       ||     1
  Use: Scroll            |       |    10 |       ||    10
 Stab: Sleeping          |     7 |     7 |       ||    14
       Paralysed         |       |     1 |       ||     1
Armor: Robe              |    23 |    23 |       ||    46
Dodge: Dodged            |    51 |    64 |     2 ||   117
Block: Buckler           |       |     5 |     1 ||     6

Table legend: (Time is in decaauts)
 A = Elapsed time spent in this place.
 B = Non-inter-level travel time spent in this place.
 C = Inter-level travel time spent in this place.
 D = Time resting spent in this place.
 E = Time spent auto-exploring this place.
 F = Levels seen in this place.
 G = Mean time per level.
                   A        B        C        D        E       F      G
               +--------+--------+--------+--------+--------+-----+--------+
         Total |   2860 |   2721 |    139 |    143 |   1882 |   6 |  476.7 |
       Dungeon |   2782 |   2660 |    122 |    143 |   1858 |   5 |  556.4 |
        Temple |     77 |     60 |     17 |      0 |     24 |   1 |   77.0 |
               +--------+--------+--------+--------+--------+-----+--------+

Top non-repeatable levels by time:
     D:1: 764 daAuts
     D:3: 713 daAuts
     D:4: 696 daAuts
     D:2: 451 daAuts
     D:5: 155 daAuts
  Temple: 77 daAuts
